 Dungeon Crawl Stone Soup version 0.29.1-1-gd02db6906a (webtiles) character file.

Game seed: 3641434321478777324

77 rubinsalamander the Trooper (level 4, -6/37 HPs)
             Began as a Formicid Abyssal Knight on Oct 19, 2022.
             Was a Priest of Lugonu.
             Killed by nerve-wracking pain
             ... invoked by Jessica
              (13 damage)
             ... on level 3 of the Dungeon.
             The game lasted 00:04:20 (2516 turns).

rubinsalamander the Trooper (FoAK)                  Turns: 2516, Time: 00:04:21

Health: -6/37      AC:  4    Str: 19    XL:     4   Next: 58%
Magic:  6/6        EV: 11    Int: 10    God:    Lugonu [***...]
Gold:   36         SH:  0    Dex: 14    Spells: 3/3 levels left

rFire   + . .      SeeInvis +   a - +1 hand axe
rCold   + . .      Faith    .   (no shield)
rNeg    . . .      Spirit   .   m - +1 robe {Will+}
rPois   .          Reflect  .   (helmet unavailable)
rElec   .          Harm     .   (no cloak)
rCorr   .          Rampage  .   (no gloves)
Will    +....                   h - +0 pair of boots
Stlth   +.........              (no amulet)
HPRegen 0.12/turn               f - ring of protection from fire
MPRegen 0.10/turn               l - ring of protection from cold

@: no status effects
A: permanent stasis, dig shafts and tunnels, antennae 3, four strong arms
a: Dig, Shaft Self, Renounce Religion, Depart the Abyss, Bend Space, Banish


You were on level 3 of the Dungeon.
You worshipped Lugonu.
Lugonu was most pleased with you.
You visited 1 branch of the dungeon, and saw 3 of its levels.
You visited the Abyss 1 time.

You collected 86 gold pieces.
You spent 50 gold pieces at shops.

Inventory:

Hand Weapons
 a - a +1 hand axe (weapon)
Missiles
 e - 3 atropa-tipped darts
 g - 5 poisoned darts
Armour
 b - a +0 leather armour
 h - a +0 pair of boots (worn)
 m - a +1 robe of willpower (worn)
Magical Staves
 o - a staff of conjuration
Jewellery
 f - a ring of protection from fire (left hand)
 l - a ring of protection from cold (right hand)
Wands
 p - a wand of paralysis (7)
Scrolls
 c - a scroll of teleportation {unknown}
 d - 2 scrolls of noise {unknown}
 k - 2 scrolls of enchant weapon {unknown}
 r - a scroll of magic mapping {unknown}
Potions
 i - a potion of heal wounds
 j - a potion of brilliance {unknown}
 n - a potion of ambrosia {unknown}
 q - a potion of magic {unknown}


   Skills:
 + Level 3.9 Fighting
 * Level 3.4 Axes
 - Level 2.1 Armour
 - Level 1.0 Dodging
 + Level 3.1 Invocations


You had 3 spell levels left.
You didn't know any spells.
Your spell library contained the following spells:

 Spells                   Type           Power      Damage    Failure   Level
 Static Discharge         Conj/Air       0%         3-3/arc   50%         2
 Sublimation of Blood     Necr           0%         N/A       50%         2
 Wereblood                Tmut           0%         N/A       50%         2
 Ignite Poison            Fire/Tmut/Pois 0%         N/A       75%         3
 Mephitic Cloud           Conj/Pois/Air  0%         N/A       75%         3
 Freezing Cloud           Conj/Ice/Air   0%         6-21      100%        5
 Lightning Bolt           Conj/Air       0%         1d11      100%        5
 Summon Hydra             Summ           0%         N/A       100%        7
 Maxwell's Capacitive Co  Air            0%         ∞         100%        8


Dungeon Overview and Level Annotations

Branches:
Dungeon (3/15)

Altars:

Shops:
D:2 !

Annotations:
D:3 Jessica, Pargi


Innate Abilities, Weirdness & Mutations

You cannot be hasted, slowed, berserked, paralysed or teleported.
You can dig through walls and to a lower floor.
You have a pair of large antennae on your head. (SInv)
Your four strong arms can wield two-handed weapons with a shield.


Message History

The floor.
You closely miss Jessica. You punch Jessica, but do no damage.
Jessica closely misses you. Jessica hits you with a +0 club.
You closely miss Jessica. Jessica hits you with a +0 club.
Jessica barely misses you.
You hit Jessica.
Jessica is moderately wounded.
Jessica gestures at you while chanting. You resist with some effort.
You hit Jessica.
Jessica is heavily wounded.
Jessica closely misses you. Jessica hits you with a +0 club.
You closely miss Jessica.
Jessica is heavily wounded.
Jessica closely misses you. Jessica hits you with a +0 club.
You closely miss Jessica.
Jessica is heavily wounded.
Jessica shouts, "You're disturbing me!
I'll have to kill you!" Jessica barely misses you. x2
You hit Jessica.
Jessica is severely wounded.
Jessica hits you with a +0 club.
Pargi hisses menacingly.
You barely miss Jessica.
Jessica is severely wounded.
Jessica barely misses you. Jessica gestures at you while chanting.
Pain shoots through your body!
* * * LOW HITPOINT WARNING * * *
Press: ? - help, Shift-Dir - straight line, f - Pargi
Aim: Pargi (chance to affect: 86%)
You fail to use your ability.
Jessica points at you and mumbles some strange words.
You resist with almost no effort.
Press: ? - help, Shift-Dir - straight line, f/p - Pargi
Aim: Pargi (chance to affect: 86%)
You fail to use your ability.
Jessica gestures at you while chanting. Pain shoots through your body!
You die...

#............#
#.....†......##.
#..............
#............#
#............#
#............##.
#...............
#.............##
#@###########.#
#@# # ####T#####
#........#
#........#
#........#
#!.......#
#........#
#.†......#


You could see Pargi and Jessica (fast).

Vanquished Creatures
  3 adders (D:2)
  2 dart slugs (D:1)
  5 ball pythons (D:1)
  5 bats
  4 endoplasms (D:1)
  2 giant cockroaches
  4 goblins
  2 jackals (D:2)
  3 quokkas (D:1)
  3 frilled lizards
  5 kobolds
  5 rats
43 creatures vanquished.

Vanquished Creatures (others)
  A plant (D:1)
1 creature vanquished.

Grand Total: 44 creatures vanquished

Notes
Turn   | Place    | Note
-------+----------+-------------------------------------------
     0 | Abyss:1  | rubinsalamander the Formicid Abyssal Knight began the quest
                  | for the Orb.
     0 | Abyss:1  | Reached XP level 1. HP: 18/18 MP: 2/2
     1 | D:1      | Escaped the Abyss
    23 | D:1      | Reached skill level 1 in Dodging
   225 | D:1      | Reached XP level 2. HP: 14/24 MP: 3/3
   522 | D:1      | Reached XP level 3. HP: 12/29 MP: 4/4
  1492 | D:2      | Found Uront's Distillery.
  1501 | D:2      | Bought a potion of heal wounds for 50 gold pieces
  1709 | D:2      | Reached *** piety under Lugonu
  1747 | D:2      | Reached XP level 4. HP: 33/37 MP: 6/6
  2009 | D:2      | Found a faded altar of an unknown god.
  2488 | D:3      | Noticed Jessica
  2491 | D:3      | Noticed Pargi
  2516 | D:3      | Killed from afar by Jessica

Illustrated notes

Levels and vault maps discovered:
D:1:      reono_arrival_forest_river, layout_rooms,
          chequers_serial_rivers_small_b, serial_bayou_crossing
D:2:      layout_basic, dilly_ecumenical_altar_fadedgnrine, serial_shops,
          nicolae_shop_statue_plus
D:3:      layout_basic, kennysheep_nondescript, minmay_crystal_water,
          uniq_jessica, uniq_pargi

Skill      XL: |  1  2  3 |
---------------+----------+-----
Dodging        | 1 |  1.0
Axes           | 3 |  3.4
Invocations    | 3 |  3.1
Fighting       | |  3.9
Armour         | |  2.1

Action                   |  1- 3 |  4- 6 || total
-------------------------+-------+-------++-------
Melee: Hand axe          |   101 |    31 ||   132
       Punch             |       |     2 ||     2
 Stab: Sleeping          |     1 |       ||     1
Armor: Leather armour    |    24 |       ||    24
       Robe              |     2 |     9 ||    11
Dodge: Dodged            |    73 |    28 ||   101
